 Dungeon Crawl Stone Soup version 0.18.1-50-g88ac8fd (webtiles) character file.

46229 grisgris the Bewitcher (level 14, -8/96 HPs)
             Began as a Vampire Enchanter on Oct 22, 2016.
             Was the Champion of Sif Muna.
             Mangled by a komodo dragon (9 damage)
             ... on level 7 of the Lair of Beasts.
             The game lasted 01:17:33 (19271 turns).

grisgris the Bewitcher (Vampire Enchanter)         Turns: 19271, Time: 01:17:34

Health: -8/96      AC: 10    Str:  7    XL:     14   Next: 4%
Magic:  13/28      EV: 23    Int: 24    God:    Sif Muna [******]
Gold:   754        SH:  0    Dex: 15    Spells: 6 memorised, 8 levels left

rFire  . . .     SeeInvis +     h - +2 dagger (venom)
rCold  + + +     Gourm    .     z - +3 robe of Chimes {*Contam rC+ Int+2}
rNeg   + + +     Faith    .     (no shield)
rPois  ∞         Spirit   .     y - +1 hat {MR+}
rElec  .         Dismiss  .     L - +0 cloak {MR+}
rCorr  .         Reflect  .     k - +1 pair of gloves
SustAt .         Harm     .     m - +0 pair of boots
MR     +++..                    (no amulet)
Stlth  ++++++++..               w - ring of stealth
                                D - +5 ring of evasion

@: bloodless, non-regenerating, drained, extremely resistant to hostile
enchantments, extraordinarily stealthy
A: fangs 3, see invisible, unbreathing
a: Bat Form, Channel Energy, Forget Spell, Renounce Religion


You were on level 7 of the Lair of Beasts.
You worshipped Sif Muna.
Sif Muna was exalted by your worship.
You were bloodless.

You visited 3 branches of the dungeon, and saw 19 of its levels.

You collected 1138 gold pieces.
You spent 384 gold pieces at shops.

Inventory:

Hand Weapons
 a - a +2 dagger of flaming
 h - a +2 dagger of venom (weapon)
 E - the +5 spear of Hacking and Slashing {pain, rF+ Int+3 SInv}
   (You found it on level 9 of the Dungeon)

   In the hands of one skilled in necromantic magic, it inflicts extra damage on
   living creatures.
   It affects your intelligence (+3).
   It protects you from fire.
   It lets you see invisible.
Armour
 e - a +2 robe of fire resistance
 k - a +1 pair of gloves (worn)
 m - a +0 pair of boots (worn)
 y - a +1 hat of magic resistance (worn)
 z - the +3 robe of Chimes (worn) {*Contam rC+ Int+2}
   (You found it on level 9 of the Dungeon)

   It affects your intelligence (+2).
   It protects you from cold.
   It causes magical contamination when unequipped.
 L - a +0 cloak of magic resistance (worn)
 P - the +0 cloak "Saat" {MR- Dex+3 Slay+3}
   (You acquired it on level 3 of the Lair of Beasts)

   It affects your dexterity (+3).
   It affects your accuracy and damage with ranged weapons and melee attacks
   (+3).
   It affects your resistance to hostile enchantments.
Jewellery
 f - an uncursed ring of protection from cold
 j - an uncursed ring of resist corrosion
 p - the ring of Paedydu {Wiz Str-4 Int+10 Stlth+}
   (You found it on level 4 of the Dungeon)

   [ring of wizardry]

   It improves your spell success rate.
   It affects your strength (-4).
   It affects your intelligence (+10).
   It makes you more stealthy.
 w - a ring of stealth (right hand)
 D - a +5 ring of evasion (left hand)
 J - an uncursed ring of protection from magic
 O - an uncursed ring of sustain attributes
 T - an uncursed ring of see invisible
Wands
 d - a wand of teleportation (4/9)
 i - a wand of flame (9/48)
 o - a wand of flame (24/48)
 q - a wand of iceblast (14/15)
 s - a wand of polymorph (13/24)
 t - a wand of lightning (9/15)
 v - a wand of heal wounds (3/9)
 C - a wand of flame (34/48)
 M - a wand of polymorph (8/24)
Scrolls
 b - a scroll of amnesia
 n - 6 scrolls of identify
 r - 9 scrolls of remove curse
 x - 9 scrolls of teleportation
 G - 3 scrolls of fog
 Q - a scroll of recharging
 X - a scroll of enchant weapon
Potions
 l - 3 potions of cancellation
 u - 2 potions of brilliance
 A - a potion of ambrosia
 F - 3 potions of agility
 I - 3 potions of might
 K - 4 potions of curing
 N - 4 potions of flight
 U - a potion of haste
Books
 c - a book of Maledictions

   Spells                             Type                      Level
   a - Corona                         Hexes                        1
   b - Ensorcelled Hibernation        Hexes/Ice                    2
   c - Confuse                        Hexes                        3
   d - Tukima's Dance                 Hexes                        3
   e - Dazzling Spray                 Conjuration/Hexes            3
 g - a book of Changes

   Spells                             Type                      Level
   a - Beastly Appendage              Transmutation                1
   b - Sticks to Snakes               Transmutation                2
   c - Spider Form                    Transmutation/Poison         3
   d - Ice Form                       Ice/Transmutation            4
   e - Blade Hands                    Transmutation                5
 B - a book of Transfigurations

   Spells                             Type                      Level
   a - Irradiate                      Conjuration/Transmutation    5
   b - Statue Form                    Transmutation/Earth          6
   c - Hydra Form                     Transmutation                6
   d - Dragon Form                    Transmutation                7
 H - a book of Cantrips

   Spells                             Type                      Level
   a - Corona                         Hexes                        1
   b - Animate Skeleton               Necromancy                   1
   c - Summon Small Mammal            Summoning                    1
   d - Apportation                    Translocation                1
 R - Sif Muna's Collected Works on Enchantment
   (Sif Muna gifted it to you on level 3 of the Lair of Beasts)

   Spells                             Type                      Level
   a - Slow                           Hexes                        2
   b - Confuse                        Hexes                        3
   c - Summon Mana Viper              Hexes/Summoning              5
   d - Discord                        Hexes                        8
 V - Eqyfaw's Volume of Creation and the Frostbite
   (Sif Muna gifted it to you on level 6 of the Lair of Beasts)

   Spells                             Type                      Level
   a - Summon Butterflies             Summoning                    1
   b - Summon Guardian Golem          Hexes/Summoning              3
   c - Metabolic Englaciation         Hexes/Ice                    5
   d - Simulacrum                     Ice/Necromancy               6


   Skills:
 + Level 4.4(4.2) Fighting
 + Level 9.3(9.1) Short Blades
 + Level 9.5(9.3) Dodging
 + Level 13.8(13.6) Stealth
 * Level 10.9(10.7) Spellcasting
 * Level 16.9(16.7) Hexes
 + Level 6.0(5.7) Summonings
 - Level 6.8(6.6) Ice Magic


You had 8 spell levels left.
You knew the following spells:

 Your Spells              Type           Power        Failure   Level  Hunger
a - Ensorcelled Hibernat  Hex/Ice        ######       1%          2    None
b - Confuse               Hex            #######.     0%          3    None
c - Metabolic Englaciati  Hex/Ice        ######....   1%          5    ####...
d - Discord               Hex            #######...   38%         8    #######
g - Summon Mana Viper     Hex/Summ       ######..     1%          5    ####...
h - Summon Guardian Gole  Hex/Summ       ######..     1%          3    None


Dungeon Overview and Level Annotations

Branches:
Dungeon (11/15)            Temple (1/1) D:6            Lair (7/8) D:10
 Shoals (0/4) Lair:3        Snake (0/4) Lair:5
  Slime: Lair:6-8       Orc: D:9-12

Altars:
Ashenzari
Cheibriados
Dithmenos
Elyvilon
Fedhas
Gozag
Kikubaaqudgha
Makhleb
Nemelex Xobeh
Okawaru
Pakellas
Qazlal
Ru
Sif Muna
Trog
Vehumet
Xom
Yredelemnul
Zin
The Shining One

Shops:
D:11 }


Innate Abilities, Weirdness & Mutations

You do not heal naturally.
You are immune to poison.
You have razor-sharp teeth.
You have supernaturally acute eyesight.
You can survive without breathing.


Message History

Casting: Ensorcelled Hibernation
Confirm with . or Enter, or press ? or * to list all spells.
Aiming: Confuse
Press: ? - help, Shift-Dir - straight line, f/p - komodo dragon
Aim: a komodo dragon (lightly wounded, poisoned, chance to defeat MR: 67%)
The komodo dragon struggles to resist.
The komodo dragon bites you!
* * * LOW HITPOINT WARNING * * *
Casting: Confuse
Confirm with . or Enter, or press ? or * to list all spells.
Aiming: Confuse
Press: ? - help, Shift-Dir - straight line, f/p - komodo dragon
Aim: a komodo dragon (moderately wounded, poisoned, chance to defeat MR: 67%)
The komodo dragon struggles to resist.
The komodo dragon completely misses you.
You hit the komodo dragon but do no damage.
The komodo dragon looks even sicker.
You bite the komodo dragon, but do no damage.
The komodo dragon is lightly wounded.
The komodo dragon bites you!
You die...

#..........###...#
##...#..#...####.##
#....#..##....#####
##..######....####.
#..## #.#...†.8..
##...#####..#......
##...#.##....#.#.<.#
#....####......##.#.
##.@.# #...........
#..l.# #..........#
#....# ###.....PP##
##..## #......P.##
#... #.#.#P..#.#
#... ##.########
.... #.## ....# ###


You could see a komodo dragon.

Vanquished Creatures
  Snorg (Lair:6)
  A centaur warrior (D:10)
  6 hydras
  Erica (D:8)
  A catoblepas (Lair:6)
  A queen ant (Lair:7)
  2 death yaks
  A fire crab (Lair:7)
  An unseen horror (D:11)
  6 elephants
  A manticore (Lair:3)
  A griffon (Lair:3)
  Maurice (D:8)
  4 black mambas
  11 spiny frogs
  4 rime drakes
  3 komodo dragons
  A queen bee (D:9)
  4 polar bears
  2 slime creatures
  13 blink frogs
  2 wyverns
  32 yaks
  8 hippogriffs
  A human (D:8)
  10 basilisks
  A hungry ghost (D:11)
  6 nagas (Lair:5)
  2 wargs (D:10)
  15 soldier ants
  16 water moccasins
  12 porcupines
  2 sky beasts
  5 ice beasts
  4 orc warriors
  2 black bears
  A necrophage (D:9)
  4 ogres
  11 centaurs
  12 crocodiles
  2 big kobolds (D:10)
  12 giant frogs
  A water moccasin skeleton (D:8)
  4 scorpions
  24 killer bees
  5 wights (D:7)
  2 electric eels (Lair:6)
  2 howler monkeys
  6 crimson imps
  A wasp zombie (D:9)
  A centaur zombie (D:11)
  6 hounds
  6 jellies
  5 orc priests
  A giant frog skeleton (D:10)
  5 iguanas
  10 orc wizards
  37 worker ants
  10 sheep
  2 hound skeletons
  A worker ant zombie (D:6)
  7 gnolls
  13 adders
  3 howler monkey skeletons
  12 river rats
  3 shadow imps
  2 oozes
  An adder skeleton (D:5)
  An adder zombie (D:9)
  A worm (D:2)
  A dart slug (D:1)
  5 giant geckos
  35 orcs
  5 giant cockroaches
  6 goblins
  5 hobgoblins
  A quokka (D:8)
  2 ball pythons (D:2)
  A ball python skeleton (D:4)
  10 bats
  3 giant newts
  22 kobolds
  6 rats
500 creatures vanquished.

Vanquished Creatures (collateral kills)
  4 death yaks
  A torpor snail (Lair:7)
  3 yaks (Lair:7)
  An electric eel (Lair:6)
  A fungus (Lair:7)
10 creatures vanquished.

Vanquished Creatures (others)
  A killer bee (D:9)
  2 fungi
  3 plants
6 creatures vanquished.

Grand Total: 516 creatures vanquished

Notes
Turn   | Place    | Note
--------------------------------------------------------------
     0 | D:1      | grisgris the Vampire Enchanter began the quest for the Orb.
     0 | D:1      | Reached XP level 1. HP: 13/13 MP: 3/3
     3 | D:1      | Noticed an electric eel
     3 | D:1      | Noticed an electric eel
   449 | D:1      | Reached XP level 2. HP: 12/20 MP: 1/5
   453 | D:1      | Learned a level 2 spell: Ensorcelled Hibernation
   874 | D:2      | Reached XP level 3. HP: 25/25 MP: 0/6
   939 | D:2      | Found an oddly glowing altar of Pakellas.
  1461 | D:2      | Reached skill level 5 in Hexes
  1580 | D:3      | Reached skill level 5 in Stealth
  1628 | D:3      | Reached XP level 4. HP: 31/31 MP: 7/7
  1631 | D:3      | Found an iron altar of Okawaru.
  1702 | D:3      | Reached skill level 1 in Fighting
  2011 | D:3      | Reached XP level 5. HP: 32/37 MP: 2/9
  2037 | D:3      | Found a blossoming altar of Fedhas.
  2134 | D:4      | Learned a level 3 spell: Confuse
  2146 | D:4      | Found a stormy altar of Qazlal.
  2212 | D:4      | Reached skill level 1 in Ice Magic
  2385 | D:4      | Reached XP level 6. HP: 37/43 MP: 2/10
  2390 | D:4      | Reached skill level 6 in Hexes
  2468 | D:4      | Got a scorched turquoise ring
  2469 | D:4      | Identified the ring of Paedydu {Wiz Str-4 Int+10 Stlth+} (You found it on level 4 of the Dungeon)
  2727 | D:4      | Noticed an ice beast
  2745 | D:4      | Killed an ice beast
  3179 | D:4      | Reached XP level 7. HP: 50/50 MP: 7/12
  3388 | D:4      | Found a shadowy altar of Dithmenos.
  3412 | D:5      | Entered Level 5 of the Dungeon
  3413 | D:5      | Found a sacrificial altar of Ru.
  3781 | D:5      | Found a snail-covered altar of Cheibriados.
  3806 | D:5      | Reached skill level 7 in Hexes
  4325 | D:6      | Identified a scroll of acquirement
  4392 | D:6      | Reached XP level 8. HP: 36/57 MP: 7/14
  4762 | D:6      | Found a staircase to the Ecumenical Temple.
  4772 | Temple   | Entered the Ecumenical Temple
  4786 | Temple   | Became a worshipper of Sif Muna the Loreminder
  4903 | Temple   | Gained mutation: You expend magic power (3 MP) to strengthen your wands. [potion of mutation]
  4903 | Temple   | Gained mutation: Armour fits poorly on your strangely shaped body. [potion of mutation]
  4903 | Temple   | Gained mutation: Your magical capacity is low (-10% MP). [potion of mutation]
  4904 | Temple   | Lost mutation: Your magical capacity is low (-10% MP). [potion of cure mutation]
  4904 | Temple   | Lost mutation: Armour fits poorly on your strangely shaped body. [potion of cure mutation]
  4904 | Temple   | Lost mutation: You expend magic power (3 MP) to strengthen your wands. [potion of cure mutation]
  5070 | D:7      | Reached skill level 8 in Hexes
  5401 | D:7      | Reached skill level 5 in Spellcasting
  5542 | D:7      | Found a shattered altar of Ashenzari.
  5561 | D:7      | Reached * piety under Sif Muna
  5561 | D:7      | Reached skill level 9 in Hexes
  5988 | D:8      | Noticed Maurice
  6005 | D:8      | Killed Maurice
  6005 | D:8      | Reached XP level 9. HP: 61/64 MP: 12/17
  6217 | D:8      | Reached skill level 10 in Hexes
  6274 | D:8      | Reached skill level 5 in Dodging
  6297 | D:8      | Noticed Erica
  6334 | D:8      | Killed Erica
  6334 | D:8      | Reached ** piety under Sif Muna
  6334 | D:8      | Reached skill level 5 in Short Blades
  6744 | D:9      | Reached XP level 10. HP: 67/70 MP: 10/20
  6747 | D:9      | Reached skill level 11 in Hexes
  7281 | D:8      | Reached *** piety under Sif Muna
  7850 | D:9      | Reached skill level 5 in Ice Magic
  8146 | D:9      | Reached skill level 12 in Hexes
  8211 | D:9      | Reached skill level 10 in Stealth
  8329 | D:9      | Got a brightly glowing robe
  8340 | D:9      | Identified the +3 robe of Chimes {*Contam rC+ Int+2} (You found it on level 9 of the Dungeon)
  8458 | D:9      | Found an ancient bone altar of Kikubaaqudgha.
  8477 | D:9      | Got a scorched spear
  8478 | D:9      | Identified the +5 spear of Hacking and Slashing {pain, rF+ Int+3 SInv} (You found it on level 9 of the Dungeon)
  8492 | D:10     | Entered Level 10 of the Dungeon
  8522 | D:10     | Noticed a centaur warrior
  8534 | D:10     | Killed a centaur warrior
  8534 | D:10     | Reached **** piety under Sif Muna
  8534 | D:10     | Reached XP level 11. HP: 70/75 MP: 13/23
  8821 | D:10     | Found a staircase to the Lair.
  9604 | D:11     | Found Dozula's Gadget Shoppe.
  9654 | D:11     | Bought a wand of teleportation (4/9) for 384 gold pieces
  9910 | D:11     | Noticed an unseen horror
  9916 | D:11     | Killed an unseen horror
  9916 | D:11     | Reached skill level 13 in Hexes
 10411 | Lair:1   | Entered Level 1 of the Lair of Beasts
 10733 | Lair:1   | Noticed an eight-headed hydra
 10742 | Lair:1   | Killed an eight-headed hydra
 10742 | Lair:1   | Reached ***** piety under Sif Muna
 11244 | Lair:2   | Reached skill level 14 in Hexes
 11334 | Lair:2   | Noticed a six-headed hydra
 11345 | Lair:2   | Killed a six-headed hydra
 11434 | Lair:2   | Reached XP level 12. HP: 81/81 MP: 25/25
 12292 | Lair:3   | Found an ancient bone altar of Kikubaaqudgha.
 12539 | Lair:3   | Found a staircase to the Shoals.
 12598 | Lair:3   | Reached ****** piety under Sif Muna
 12598 | Lair:3   | Received a gift from Sif Muna
 12598 | Lair:3   | Reached skill level 15 in Hexes
 12599 | Lair:3   | Identified Sif Muna's Collected Works on Enchantment (Sif Muna gifted it to you on level 3 of the Lair of Beasts)
 12603 | Lair:3   | Noticed a five-headed hydra
 12627 | Lair:3   | Learned a level 5 spell: Summon Mana Viper
 12636 | Lair:3   | Learned a level 8 spell: Discord
 12707 | Lair:3   | Killed a five-headed hydra
 12749 | Lair:3   | Reached skill level 1 in Summonings
 12936 | Lair:3   | Noticed an eight-headed hydra
 12942 | Lair:3   | Killed an eight-headed hydra
 13942 | Lair:3   | Got an ancient cloak
 13953 | Lair:3   | Identified the +0 cloak "Saat" {MR- Dex+3 Slay+3} (You acquired it on level 3 of the Lair of Beasts)
 14011 | Lair:4   | Reached skill level 10 in Spellcasting
 14400 | Lair:4   | Reached XP level 13. HP: 87/87 MP: 27/27
 14747 | Lair:5   | Found a staircase to the Snake Pit.
 15544 | Lair:5   | Reached skill level 16 in Hexes
 15867 | Lair:6   | Received a gift from Sif Muna
 15873 | Lair:6   | Identified Eqyfaw's Volume of Creation and the Frostbite (Sif Muna gifted it to you on level 6 of the Lair of Beasts)
 15878 | Lair:6   | Learned a level 3 spell: Summon Guardian Golem
 15884 | Lair:6   | Learned a level 5 spell: Metabolic Englaciation
 16254 | Lair:6   | Reached skill level 5 in Summonings
 16481 | Lair:6   | Noticed Snorg
 16487 | Lair:6   | Killed Snorg
 18825 | Lair:7   | Reached XP level 14. HP: 96/96 MP: 14/28
 19269 | Lair:7   | HP: 1/96 [komodo dragon (8)]
 19271 | Lair:7   | Mangled by a komodo dragon

Skill      XL: |  1  2  3  4  5  6  7  8  9 10 11 12 13 14 |
---------------+-------------------------------------------+-----
Hexes          | 5 6 7 9 10 12 14 15 16 | 16.9
Stealth        | 5 6 7 9 10 11 12 13 | 13.8
Fighting       | 1 2 3 4 |  4.4
Dodging        | 3 4 5 6 7 8 9 |  9.5
Ice Magic      | 1 2 3 4 5 6 |  6.8
Spellcasting   | 3 4 5 6 8 9 10 | 10.9
Short Blades   | 2 3 4 5 6 7 8 9 |  9.3
Summonings     | 3 5 6 |  6.0

Action                   |  1- 3 |  4- 6 |  7- 9 | 10-12 | 13-15 || total
-------------------------+-------+-------+-------+-------+-------++-------
Melee: Dagger            |   122 |    94 |   197 |   469 |   349 ||  1231
       Bite              |     2 |     7 |    13 |    37 |    25 ||    84
       Unarmed           |       |       |       |     1 |       ||     1
 Cast: Corona            |    10 |     3 |       |       |       ||    13
       Ensorcelled Hiber |    23 |    28 |    37 |   166 |   144 ||   398
       Confuse           |       |     3 |    33 |    46 |    14 ||    96
       Summon Mana Viper |       |       |       |       |    13 ||    13
       Summon Guardian G |       |       |       |       |     2 ||     2
       Discord           |       |       |       |       |     1 ||     1
 Abil: End Transformatio |       |       |       |     6 |     4 ||    10
       Bat Form          |       |       |       |     6 |     4 ||    10
Evoke: Wand              |       |       |       |    11 |       ||    11
  Use: Potion            |     7 |     2 |     9 |     1 |     1 ||    20
       Scroll            |     5 |     4 |    14 |    12 |     2 ||    37
 Stab: Sleeping          |    32 |    21 |    45 |   141 |   123 ||   362
       Distracted        |     1 |       |       |     2 |     1 ||     4
       Confused          |       |       |    20 |    31 |     7 ||    58
  Eat: Corpse            |       |     1 |       |     1 |     1 ||     3
Armor: Robe              |    33 |    25 |    38 |    43 |    43 ||   182
Dodge: Dodged            |   100 |    62 |   138 |   304 |   285 ||   889
